 Dungeon Crawl Stone Soup version 0.17-a0-1262-gd250d98 (webtiles) character file.

716 OTRawrior the Conjurer (level 7, -1/38 HPs)
             Began as a Gargoyle Wizard on June 6, 2015.
             Was a Follower of Vehumet.
             Slain by an ogre
             ... wielding a cursed -3 giant club
              (17 damage)
             ... on level 5 of the Dungeon.
             The game lasted 00:13:46 (5137 turns).

OTRawrior the Conjurer (Gargoyle Wizard)            Turns: 5137, Time: 00:13:46

Health: -1/38      AC: 11    Str: 10    XL:     7   Next: 69%
Magic:  0/14       EV: 11    Int: 21    God:    Vehumet [*.....]
Gold:   222        SH:  0    Dex:  8    Spells: 4 memorised, 6 levels left

rFire  x . .     SeeInvis .     x - +2 whip (pain)
rCold  + . .     Clarity  .     u - +0 leather armour
rNeg   + + .     SustAt   .     (no shield)
rPois  ∞         Gourm    .     b - +0 hat
rElec  +         Spirit   .     a - +2 cloak
rCorr  .         Warding  +     (no gloves)
rMut   .         Stasis   .     (no boots)
MR     .....                    l - amulet of warding
Stlth  +.........               (no ring)
                                r - ring of ice

@: very slightly contaminated, not resistant to hostile enchantments, very
unstealthy
A: negative energy resistance 1, electricity resistance, unbreathing,
petrification resistance, rot immunity, AC +4
a: Renounce Religion


You were on level 5 of the Dungeon.
You worshipped Vehumet.
Vehumet was aware of your devotion.
You were not hungry.

You visited 1 branch of the dungeon, and saw 5 of its levels.

You collected 222 gold pieces.

Inventory:

Hand weapons
 q - a +0 dagger of speed
 x - a +2 whip of pain (weapon)
Armour
 a - a +2 cloak (worn)
 b - a +0 hat (worn)
 u - a +0 leather armour (worn)
Jewellery
 f - a cursed ring of teleportation
 l - an amulet of warding (around neck)
 r - a ring of ice (left hand)
Magical devices
 n - a wand of random effects (19)
 t - a wand of digging (12)
 v - a wand of polymorph (2)
Scrolls
 e - 2 scrolls of remove curse {unknown}
 h - 5 scrolls of identify
 i - a scroll of immolation {unknown}
 j - 2 scrolls of enchant armour {unknown}
 o - 2 scrolls of random uselessness {unknown}
 s - a scroll of enchant weapon {unknown}
 w - a scroll of amnesia {unknown}
Potions
 m - a potion of curing
 p - a potion of ambrosia
Books
 c - a book of Minor Magic

   Spells                             Type                      Level
   a - Magic Dart                     Conjuration                  1
   b - Blink                          Translocation                2
   c - Call Imp                       Summoning                    2
   d - Repel Missiles                 Charms/Air                   2
   e - Slow                           Hexes                        2
   f - Conjure Flame                  Conjuration/Fire             3
   g - Mephitic Cloud                 Conjuration/Poison/Air       3
Comestibles
 d - 4 bread rations
 g - a meat ration
 k - a slice of pizza
 z - 6 chunks of flesh


   Skills:
 + Level 1.5 Fighting
 + Level 1.8 Armour
 + Level 2.0 Dodging
 - Level 2.1 Stealth
 + Level 4.6 Spellcasting
 + Level 5.7 Conjurations
   Level 0.8 Summonings
   Level 0.8 Translocations
 * Level 2.0 Fire Magic
 * Level 1.6 Air Magic
 + Level 1.1 Evocations


You had 6 spell levels left.
You knew the following spells:

 Your Spells              Type           Power        Failure   Level  Hunger
a - Magic Dart            Conj           ####         1%          1    None
b - Mephitic Cloud        Conj/Pois/Air  ###.....     17%         3    ##.....
c - Conjure Flame         Conj/Fire      ##......     10%         3    ##.....
A - Repel Missiles        Chrm/Air       #.....       21%         2    #......


Dungeon Overview and Level Annotations

Branches:
Dungeon (5/15)
 Temple: D:4-7

Altars:
Sif Muna
Vehumet


Innate Abilities, Weirdness & Mutations

You are resistant to torment.
Your stone body is resilient (AC +4).
You are immune to poison.
You resist negative energy.
You are resistant to electric shocks.
You can survive without breathing.
You are immune to petrification.
You are immune to rotting.


Message History

You hit the ogre.
The ogre is heavily wounded.
The ogre barely misses you.
Casting: Mephitic Cloud
Confirm with . or Enter, or press ? or * to list all spells.
Aiming: Magic Dart
Press: ? - help, Shift-Dir - straight line, f/p - ogre
Aim: an ogre, wielding a giant club (heavily wounded)
The magic dart hits the ogre.
The ogre is severely wounded.
You hit the ogre.
The ogre is severely wounded.
The ogre closely misses you.
You hit the ogre.
The ogre is severely wounded.
The ogre hits you with a giant club.
You hit the ogre.
The ogre is severely wounded.
The ogre hits you with a giant club!
You die...

###### #....##
......### ..../...
....... #####
...... ###..†###
#....#####..†..<.#
#.#...........[O@#
#.#.###..###).†###
#...##..## #####
..###..## ..##..##
....(## ..#### .##
.#


You could see an ogre.

Vanquished Creatures
  Sigmund (D:2)
  A phantom (D:4)
  An ogre (D:4)
  An orc priest (D:4)
  An orc wizard (D:5)
  Jessica (D:2)
  Terence (D:3)
  2 worker ants
  3 gnolls (D:2)
  8 adders
  2 oozes
  2 worms
  9 giant geckos
  12 orcs
  A bat skeleton (D:5)
  A bat zombie (D:5)
  A giant cockroach (D:1)
  7 hobgoblins
  14 jackals
  11 kobolds
  2 quokkas (D:2)
  A ball python (D:1)
  9 bats
  6 giant newts
  9 goblins
  A jackal skeleton (D:3)
  8 rats
116 creatures vanquished.

Notes
Turn   | Place    | Note
--------------------------------------------------------------
     0 | D:1      | OTRawrior the Gargoyle Wizard began the quest for the Orb.
     0 | D:1      | Reached XP level 1. HP: 10/10 MP: 4/4
   352 | D:1      | Reached XP level 2. HP: 15/15 MP: 1/6
   612 | D:1      | Learned a level 2 spell: Repel Missiles
   645 | D:1      | Reached XP level 3. HP: 2/19 MP: 0/7
   652 | D:1      | Learned a level 3 spell: Mephitic Cloud
  1490 | D:2      | Noticed Jessica
  1497 | D:2      | Killed Jessica
  1497 | D:2      | Reached XP level 4. HP: 24/24 MP: 0/9
  2033 | D:2      | Reached skill level 4 in Conjurations
  2218 | D:2      | Noticed Sigmund
  2402 | D:2      | Learned a level 3 spell: Conjure Flame
  2649 | D:2      | Killed Sigmund
  2649 | D:2      | Reached skill level 5 in Conjurations
  2649 | D:2      | Reached XP level 5. HP: 28/28 MP: 3/11
  2649 | D:2      | Reached XP level 6. HP: 32/32 MP: 3/12
  4064 | D:3      | Noticed Terence
  4081 | D:3      | Killed Terence
  4081 | D:3      | Reached skill level 1 in Armour
  4228 | D:4      | Reached skill level 1 in Fire Magic
  4228 | D:4      | Reached skill level 1 in Air Magic
  4228 | D:4      | Reached XP level 7. HP: 37/37 MP: 5/13
  4332 | D:4      | Found a deep blue altar of Sif Muna.
  4411 | D:4      | Found a radiant altar of Vehumet.
  4416 | D:4      | Became a worshipper of Vehumet
  4481 | D:4      | Reached skill level 1 in Fighting
  4959 | D:4      | Reached skill level 1 in Evocations
  5015 | D:5      | Entered Level 5 of the Dungeon
  5099 | D:5      | Acquired Vehumet's first power
  5099 | D:5      | Offered knowledge of Flame Tongue by Vehumet.
  5137 | D:5      | Slain by an ogre

Vault maps used:
D:1:      lemuel_arrival_hallway, bh_walls_and_bars
D:2:      grunt_ministairs_9, st_stairs_1, uniq_jessica, uniq_sigmund
D:3:      first_bread, uniq_terence
D:4:      lemuel_doored_altar, lemuel_crystal_altar
D:5:      minitemple, lightli_minifort, uniq_edmund

Action                   |  1- 3 |  4- 6 |  7- 9 || total
-------------------------+-------+-------+-------++-------
Melee: Unarmed           |    87 |    24 |       ||   111
       Dagger            |       |    48 |       ||    48
       Whip              |       |     8 |    39 ||    47
 Cast: Magic Dart        |    61 |   131 |    68 ||   260
       Mephitic Cloud    |       |     7 |     2 ||     9
       Conjure Flame     |       |     5 |     3 ||     8
  Use: Scroll            |       |     3 |     1 ||     4
 Stab: Confused          |       |     2 |     4 ||     6
  Eat: Chunk             |     2 |     8 |     3 ||    13
       Beef jerky        |       |     1 |       ||     1
